 Dungeon Crawl Stone Soup version 0.25.0-9-g26727b657a (webtiles) character file.

Game seed: 14901847415898227775

50 Lanoc the Chiller (level 3, -2/29 HPs)
             Began as a Minotaur Ice Elementalist on June 18, 2020.
             Slain by an adder (3 damage)
             ... on level 2 of the Dungeon.
             The game lasted 00:02:14 (1595 turns).

Lanoc the Chiller (Minotaur Ice Elementalist)       Turns: 1595, Time: 00:02:14

Health: -2/29      AC:  2    Str: 12    XL:     3   Next: 55%
Magic:  1/4        EV: 12    Int: 13    God:
Gold:   34         SH:  3    Dex: 10    Spells: 3/4 levels left

rFire    . . .     SeeInvis .   (no weapon)
rCold    . . .     Gourm    .   d - +0 buckler
rNeg     . . .     Faith    .   a - +0 robe
rPois    .         Spirit   .   (helmet restricted)
rElec    .         Reflect  .   (no cloak)
rCorr    .         Harm     .   (no gloves)
MR       .....                  (no boots)
Stlth    ++........             (no amulet)
HPRegen  0.09/turn              (no ring)
MPRegen  0.09/turn              (no ring)

@: lethally poisoned (-2 -> -8), hasted, invisible, very quick
A: retaliatory headbutt, horns 2
a: no special abilities


You were on level 2 of the Dungeon.
You were not hungry.

You visited 1 branch of the dungeon, and saw 2 of its levels.

You collected 34 gold pieces.

Inventory:

Armour
 a - a +0 robe (worn)
 d - a +0 buckler (worn)
Scrolls
 e - a scroll of enchant weapon {unknown}
 g - a scroll of amnesia {unknown}
 j - a scroll of identify {unknown}
Potions
 i - a potion of invisibility
Comestibles
 b - 2 chunks of flesh
 c - 3 rations


   Skills:
 + Level 1.8 Fighting
 + Level 2.9 Dodging
 - Level 1.5 Stealth
 + Level 1.5 Shields
 - Level 1.3 Spellcasting
 + Level 3.2 Ice Magic


You had 3 spell levels left.
You knew the following spells:

 Your Spells              Type           Power        Failure   Level  Hunger
a - Freeze                Ice            #...         10%         1    ##.....

Your spell library contained the following spells:

 Spells                   Type           Power        Failure   Level  Hunger
 Frozen Ramparts          Ice            #.....       28%         3    ####...
 Ozocubu's Armour         Chrm/Ice       #.......     50%         3    ####...
 Hailstorm                Conj/Ice       #.......     88%         4    #####..
 Summon Ice Beast         Ice/Summ       #.......     88%         4    #####..


Dungeon Overview and Level Annotations

Branches:
Dungeon (2/15)

Altars:


Innate Abilities, Weirdness & Mutations

You reflexively headbutt those who attack you in melee.
You have a pair of horns on your head.


Message History

* * * LOW HITPOINT WARNING * * *
It was a potion of curing.
You feel better. The adder closely misses you. The dart slug misses you.
The adder bites you.
* * * LOW HITPOINT WARNING * * *
You feel better. The dart slug launches a dart at you. The slug dart hits you.
* * * LOW HITPOINT WARNING * * *
The adder bites you.
* * * LOW HITPOINT WARNING * * *
It was a potion of haste.
You feel yourself speed up. The adder bites you.
* * * LOW HITPOINT WARNING * * *
You are lethally poisoned!
The adder poisons you!
It was a potion of invisibility.
You fade into invisibility!
* * * LOW HITPOINT WARNING * * *
You feel sick. The adder bites you.
You die...

#.#.... #.#.#.. ......
#.#.#.[ ......#
#######.#.#.. .>.....
............÷ .!.....
.........÷... .......
######.#.#..
!......###### #.#....
......†w@...#######.#####
.......S..((.............
.##...)%...(........#####
#...............).#
#.................#
#########.÷...(...#
#...).....#
#............#
#.........####


You could see an adder and a dart slug.

Vanquished Creatures
  An adder (D:2)
  2 dart slugs (D:1)
  A leopard gecko (D:1)
  A ball python (D:2)
  3 giant cockroaches
  3 goblins (D:1)
  5 hobgoblins
  A quokka (D:2)
  4 bats
  2 frilled lizards
  7 kobolds
  6 rats
36 creatures vanquished.

Notes
Turn   | Place    | Note
-------+----------+-------------------------------------------
     0 | D:1      | Lanoc the Minotaur Ice Elementalist began the quest for the
                  | Orb.
     0 | D:1      | Reached XP level 1. HP: 14/14 MP: 1/1
    22 | D:1      | Reached skill level 3 in Ice Magic
   416 | D:1      | Reached XP level 2. HP: 20/22 MP: 3/3
   422 | D:1      | Reached skill level 1 in Fighting
   747 | D:1      | Reached skill level 1 in Shields
  1140 | D:1      | Reached XP level 3. HP: 28/28 MP: 4/4
  1590 | D:2      | HP: 1/29 [adder (3)]
  1595 | D:2      | HP: 1/29 [poisoned by an adder]
  1595 | D:2      | Slain by an adder

Illustrated notes

Levels and vault maps discovered:
D:1:      psy_arrival_whirlpool, layout_rooms
D:2:      layout_basic, serial_bayou_pond_d

Skill      XL: |  1  2 |
---------------+-------+-----
Ice Magic      | 3 |  3.2
Fighting       | 1 |  1.8
Shields        | 1 |  1.5
Dodging        | |  2.9
Stealth        | |  1.5
Spellcasting   | |  1.3

Action                   || total
-------------------------++-------
Melee: Unarmed           ||   109
       Headbutt          ||    12
 Cast: Freeze            ||    22
  Use: Potion            ||     4
  Eat: Chunk             ||     3
Armor: Robe              ||    11
Dodge: Dodged            ||    99
Block: Buckler           ||    15
